 Dungeon Crawl Stone Soup version 0.30-a0-385-gfebfb9b408 (webtiles) character file.

Game seed: 4932708640055859151

11424 MTVSty1e the Severer (level 11, 0/107 HPs)
             Began as a Minotaur Fighter on Dec 2, 2022.
             Was a High Priest of Okawaru.
             Shot with an arrow by a centaur (6 damage)
             ... on level 11 of the Dungeon.
             The game lasted 00:17:27 (13304 turns).

MTVSty1e the Severer (Minotaur Fighter)            Turns: 13304, Time: 00:17:27

Health: 0/107      AC: 15    Str: 32    XL:     11   Next: 49%
Magic:  9/10       EV: 13    Int:  5    God:    Okawaru [*****.]
Gold:   469        SH:  6    Dex: 15    Spells: 10/10 levels left

rFire   . . .      SeeInvis .    g - +5 broad axe (vorpal)
rCold   . . .      Faith    .    c - +0 buckler
rNeg    . . .      Spirit   .    w - +0 swamp dragon scales
rPois   +          Reflect  .    L - +2 hat
rElec   .          Harm     .    x - +0 cloak
rCorr   .          Rampage  .    m - +0 pair of gloves
Will    .....                    E - +0 pair of boots
Stlth   ++........               (no amulet)
HPRegen 0.37/turn                u - +6 ring of dexterity
MPRegen 0.12/turn                b - +6 ring of strength

@: about to teleport, heroic, marked
A: horns 2, retaliatory headbutt
a: Renounce Religion, Heroism, Finesse, Duel


You were on level 11 of the Dungeon.
You worshipped Okawaru.
Okawaru was extremely pleased with you.
You visited 2 branches of the dungeon, and saw 12 of its levels.
You also visited: Sewer and Bailey.

You collected 619 gold pieces.
You spent 150 gold pieces at shops.

Inventory:

Hand Weapons
 a - a +1 war axe of flaming
 g - a +5 vorpal broad axe (weapon)
 C - the +8 halberd of Uskayaw, Teaching {vorpal, rF+}
   (You found it in a bailey)

   It inflicts extra damage upon your enemies.
   rF:        It protects you from fire.
Armour
 c - a +0 buckler (worn)
 h - a +0 crystal plate armour
 i - the +0 leather armour of Degoyroo {Will+++ rCorr Stlth-}
   (You found it in a bailey)

   rCorr:     It protects you from acid and corrosion.
   Will:      It greatly increases your willpower.
   Stlth:     It makes you less stealthy.
 m - a +0 pair of gloves (worn)
 o - +0 ice dragon scales
 w - +0 swamp dragon scales (worn)
 x - a +0 cloak (worn)
 E - a +0 pair of boots (worn)
 J - a scarf of invisibility
 L - a +2 hat (worn)
Jewellery
 b - a +6 ring of strength (right hand)
 e - a +6 ring of dexterity
 q - a ring of flight
 u - a +6 ring of dexterity (left hand)
 y - a ring of protection from fire
 H - a +6 ring of strength
 K - a ring of fire
Wands
 l - a wand of iceblast (12)
 r - a wand of acid (11)
 s - a wand of flame (13)
 G - a wand of digging (8)
Scrolls
 j - 6 scrolls of teleportation
 B - a scroll of amnesia
 D - a scroll of magic mapping {unknown}
 N - a scroll of identify
Potions
 d - 5 potions of curing
 f - 2 potions of attraction
 k - 4 potions of flight
 n - 6 potions of lignification
 p - 3 potions of brilliance
 t - 2 potions of mutation {unknown}
 v - 5 potions of haste {unknown}
 z - 3 potions of cancellation {unknown}
 A - 2 potions of might
 I - 2 potions of ambrosia {unknown}


   Skills:
 + Level 13.2(18.2) Fighting
 * Level 17.4(22.4) Axes
 - Level 3.6(8.6) Armour
 - Level 3.6(8.6) Shields


You had 10 spell levels left.
You didn't know any spells.
Your spell library contained the following spells:

 Spells                   Type           Power      Damage    Failure   Level
 Magic Dart               Conj           0%         1d3       65%         1
 Blink                    Tloc           0%         N/A       80%         2
 Ensorcelled Hibernation  Hex/Ice        0%         N/A       80%         2
 Passwall                 Tmut/Erth      0%         N/A       80%         2
 Searing Ray              Conj           0%         2d4       80%         2
 Static Discharge         Conj/Air       0%         2-2/arc   80%         2
 Dazzling Flash           Conj/Hex       0%         N/A       95%         3
 Hailstorm                Conj/Ice       0%         3d3       95%         3
 Ignite Poison            Fire/Tmut/Pois 0%         N/A       95%         3
 Swiftness                Air            0%         N/A       95%         3
 Vhi's Electric Charge    Tloc/Air       0%         N/A       95%         3
 Fulminant Prism          Conj/Hex       0%         3d5       100%        4
 Ice Form                 Ice/Tmut       0%         N/A       100%        4
 Manifold Assault         Tloc           0%         N/A       100%        4
 Sticky Flame             Conj/Fire      0%         2d3       100%        4
 Agony                    Necr           0%         N/A       100%        5
 Arcjolt                  Conj/Air       0%         1d10      100%        5
 Lightning Bolt           Conj/Air       0%         1d11      100%        5
 Silence                  Hex/Air        0%         N/A       100%        5
 Dispersal                Tloc           0%         N/A       100%        6
 Storm Form               Tmut/Air       0%         N/A       100%        7
 Disjunction              Tloc           0%         N/A       100%        8
 Ignition                 Fire           0%         3d3       100%        8
 Simulacrum               Ice/Necr       Unusable   N/A       N/A         6

Dungeon Overview and Level Annotations

Branches:
Dungeon (11/15)            Temple (1/1) D:7           Sewer (visited)
 Bailey (visited)
   Lair: D:8-11         Orc: D:9-12

Altars:
Ashenzari
Cheibriados
Dithmenos
Elyvilon
Fedhas
Gozag
Hepliaklqana
Kikubaaqudgha
Makhleb
Nemelex Xobeh
Okawaru
Qazlal
Ru
Sif Muna
Trog
Uskayaw
Vehumet
Wu Jian
Xom
Yredelemnul
Zin
The Shining One

Shops:
D:2 !   D:4 *   D:7 =?

Annotations:
D:5 3 runed translucent doors, SeagullWaffle's ghost, novice MfGl
D:8 1 runed translucent door, funkygono's ghost, novice DsFE


Innate Abilities, Weirdness & Mutations

You have a pair of horns on your head.
You reflexively headbutt those who attack you in melee.


Message History

The efreet burns you.
* * * LOW HITPOINT WARNING * * *
You barely miss the efreet.
The efreet hits you with a +3 scimitar of flaming!
* * * LOW HITPOINT WARNING * * *
The efreet burns you.
* * * LOW HITPOINT WARNING * * *
You slash the efreet!
The efreet is moderately wounded.
The efreet gestures at you. The bolt of fire hits you.
* * * LOW HITPOINT WARNING * * *
You gain the combat prowess of a mighty hero.
The efreet completely misses you. You furiously retaliate!
You headbutt the efreet! You slice the efreet!!
You kill the efreet!
Okawaru accepts your kill.
You see here a +3 scimitar of flaming.
You start resting.
Something unseen opens the door.
A centaur comes into view. x2
There are monsters nearby!
The centaur wields a +0 shortbow.
The centaur shoots an arrow.
You block the arrow.
A centaur comes into view.
As you read the scroll of fear, it crumbles to dust.
You assume a fearsome visage.
The centaur looks frightened! x2
Found a dyed leather armour and 15 gold pieces.
A centaur comes into view.
The centaur wields a +0 shortbow.
The centaur shoots an arrow.
The arrow hits you.
* * * LOW HITPOINT WARNING * * *
As you read the scroll of teleportation, it crumbles to dust.
You feel strangely unstable.
The centaur shoots an arrow.
You block the arrow.
The centaur wields a +0 shortbow.
The centaur shoots an arrow.
You block the arrow. 2 centaurs come into view.
The centaur wields a +0 shortbow.
The centaur shoots an arrow.
The arrow hits you.
You die...

+..c.##..##..#+
#...c##.c# ##
#....##c.#
#........+
#...)....#
#....##..# #
#....##..##..#
#..........[..
#.....@$......
##############
#######+##
.........#
.........#
.........#
.........#
.........#


You could see 2 centaurs.

Vanquished Creatures
  Amaemon (D:9)
  Pikel (D:4)
  A manticore (D:11)
  An orange demon (D:9)
  Maggie (D:7)
  An efreet (D:11)
  2 trolls
  Grinder (D:4)
  A hornet (D:5)
  A wraith (D:10)
  4 shadows
  A wyvern (D:8)
  A vampire (D:10)
  Eustachio (D:4)
  Grum (D:9)
  A steam dragon (D:6)
  7 yaks (D:10)
  Menkaure (D:7)
  2 acid dragons
  A water moccasin (D:7)
  Duvessa (D:7)
  5 orc warriors
  2 sky beasts
  3 ice beasts
  4 wolves
  2 ogres
  4 centaurs
  3 phantoms
  A kobold brigand (D:11)
  3 lemures (D:4)
  8 bullfrogs
  A scorpion (D:5)
  8 gnoll sergeants
  8 wights (D:8)
  Dowan (D:7)
  5 killer bees (D:8)
  4 howler monkeys
  5 orc priests
  5 hounds
  3 jellies (D:7)
  7 gnoll boudas
  3 iron imps (D:7)
  5 iguanas
  10 orc wizards
  19 gnolls
  8 adders
  A white imp (D:7)
  2 ufetubi
  2 worms
  2 dart slugs
  26 orcs
  8 ball pythons
  9 bats
  17 endoplasms
  17 giant cockroaches
  6 goblins
  9 hobgoblins
  14 quokkas
  9 frilled lizards
  12 kobolds
  4 rats
297 creatures vanquished.

Vanquished Creatures (others)
  4 plants (D:4)
4 creatures vanquished.

Grand Total: 301 creatures vanquished

Notes
Turn   | Place    | Note
-------+----------+-------------------------------------------
     0 | D:1      | MTVSty1e the Minotaur Fighter began the quest for the Orb.
     0 | D:1      | Reached XP level 1. HP: 19/19 MP: 0/0
    60 | D:1      | Reached skill level 3 in Axes
    75 | D:1      | Reached XP level 2. HP: 27/27 MP: 1/1
   341 | D:1      | Reached XP level 3. HP: 33/33 MP: 2/2
   725 | D:1      | Reached skill level 4 in Axes
   908 | D:2      | Found a blossoming altar of Fedhas.
   999 | D:2      | Found a faded altar of an unknown god.
  1082 | D:2      | Found Kisoul's Distillery.
  1098 | D:2      | Bought a potion of heal wounds for 60 gold pieces
  1401 | D:3      | Found a glowing drain.
  1427 | D:3      | Reached XP level 4. HP: 41/41 MP: 3/3
  1437 | Sewer    | Entered a sewer
  1461 | Sewer    | Reached skill level 5 in Axes
  1650 | Sewer    | Reached XP level 5. HP: 43/47 MP: 4/4
  1704 | Sewer    | Reached skill level 5 in Fighting
  1739 | Sewer    | Reached skill level 6 in Axes
  1745 | Sewer    | Reached XP level 6. HP: 18/56 MP: 5/5
  2176 | D:3      | Reached skill level 7 in Axes
  2722 | D:4      | Found a radiant altar of Vehumet.
  2747 | D:4      | Found Nhecejog's Needful Niceties.
  2794 | D:4      | Noticed Eustachio
  2806 | D:4      | Noticed Pikel
  2825 | D:4      | Killed Eustachio
  2826 | D:4      | Reached skill level 8 in Axes
  2826 | D:4      | Reached XP level 7. HP: 30/64 MP: 6/6
  2835 | D:4      | Killed Pikel
  2836 | D:4      | Reached skill level 9 in Axes
  2836 | D:4      | Reached XP level 8. HP: 16/73 MP: 7/7
  3038 | D:4      | Found a hazy altar of Hepliaklqana.
  3378 | D:4      | Reached skill level 10 in Axes
  3589 | D:4      | Found a glowing golden altar of the Shining One.
  3778 | D:4      | Noticed Grinder
  3779 | D:4      | Paralysed by Grinder for 3 turns
  3784 | D:4      | Paralysed by Grinder for 2 turns
  3802 | D:4      | Killed Grinder
  4010 | D:5      | Entered Level 5 of the Dungeon
  4117 | D:5      | Noticed a hornet
  4122 | D:5      | Killed a hornet
  4123 | D:5      | Reached skill level 11 in Axes
  4366 | D:5      | Reached XP level 9. HP: 80/82 MP: 8/8
  4724 | D:5      | Found a runed translucent gate.
  4724 | D:5      | Found a runed translucent gate.
  4724 | D:5      | Found a runed translucent gate.
  4750 | D:5      | Noticed SeagullWaffle's ghost (novice MfGl)
  5408 | D:6      | Reached skill level 12 in Axes
  5829 | D:6      | Identified a scroll of acquirement
  5829 | D:6      | Acquired a +3 vorpal broad axe
  5947 | D:6      | Found a shadowy altar of Dithmenos.
  5956 | D:6      | Found a shimmering blue altar of Sif Muna.
  6618 | D:7      | Found Jaasoat's Jewellery Boutique.
  6742 | D:7      | Found a burning altar of Makhleb.
  6832 | D:7      | Found a staircase to the Ecumenical Temple.
  6898 | Temple   | Entered the Ecumenical Temple
  6929 | Temple   | Became a worshipper of Warmaster Okawaru
  7181 | D:7      | Reached skill level 13 in Axes
  7252 | D:7      | Found a white marble altar of Elyvilon.
  7256 | D:7      | Noticed Duvessa
  7256 | D:7      | Noticed Dowan
  7261 | D:7      | Noticed Menkaure
  7281 | D:7      | Killed Duvessa
  7282 | D:7      | Reached skill level 10 in Fighting
  7481 | D:7      | Found Afukk's Magic Scroll Shop.
  7487 | D:7      | Bought a scroll of blinking for 90 gold pieces
  7545 | D:7      | Killed Menkaure
  7551 | D:7      | Killed Dowan
  7608 | D:7      | Noticed Maggie
  7612 | D:7      | Killed Maggie
  7612 | D:7      | Reached * piety under Okawaru
  7652 | D:7      | Reached skill level 14 in Axes
  7655 | D:7      | Reached XP level 10. HP: 76/94 MP: 9/9
  8034 | D:8      | Found a runed translucent door.
  8034 | D:8      | Noticed a +2 falchion of chaos
  8035 | D:8      | Found a shimmering altar of Xom.
  8035 | D:8      | Noticed funkygono's ghost (novice DsFE)
  8042 | D:8      | Noticed a +0 hand axe
  8043 | D:8      | Found a hide-covered altar of Uskayaw.
  8043 | D:8      | Noticed a +0 dagger
  8051 | D:8      | Reached ** piety under Okawaru
  8155 | D:8      | Found a snail-covered altar of Cheibriados.
  8559 | D:8      | Found a blossoming altar of Fedhas.
  8626 | D:8      | Found a broken altar of Ashenzari.
  8734 | D:9      | Reached skill level 15 in Axes
  8856 | D:9      | Noticed Amaemon
  8856 | D:9      | Noticed an orange demon
  8877 | D:9      | Killed Amaemon
  9180 | D:9      | Killed an orange demon
  9182 | D:9      | Reached *** piety under Okawaru
  9248 | D:9      | Found a flagged portal.
  9257 | Bailey   | Entered a bailey
  9620 | Bailey   | Reached skill level 16 in Axes
  9881 | Bailey   | Identified the +8 halberd of Uskayaw, Teaching {vorpal,
                  | rF+}
 10446 | Bailey   | Identified the +0 leather armour of Degoyroo {Will+++ rCorr
                  | Stlth-}
 11096 | D:9      | Noticed Grum
 11103 | D:9      | Killed Grum
 11104 | D:9      | Reached XP level 11. HP: 82/105 MP: 10/10
 11743 | D:10     | Entered Level 10 of the Dungeon
 12104 | D:10     | Reached **** piety under Okawaru
 12644 | D:10     | Reached skill level 17 in Axes
 12962 | D:11     | Reached ***** piety under Okawaru
 13294 | D:11     | HP: 4/107 [efreet/bolt of fire (6)]
 13301 | D:11     | HP: 5/107 [centaur/arrow (2)]
 13304 | D:11     | Shot with an arrow by a centaur

Illustrated notes

Levels and vault maps discovered:
D:1:      mrwooster_arrival_statue_2, layout_basic, minmay_pentomino_r4
D:2:      layout_rooms, basic_altar, serial_shops, shop, basic_ecumenical_altar
D:3:      layout_loops_ring, gup_sewer_entry_glass, due_unseen_surprise
D:4:      layout_layer_cave, nicolae_hepliaklqana_hazy_memory, tso_altar,
          lemuel_doored_altar, nicolae_alphabet_shops, minmay_misc_feat_tiny,
          uniq_grinder, uniq_pikel, uniq_eustachio
D:5:      layout_basic, gammafunk_ghost_icy, amcnicky_mini_rare_corridor_liquid
D:6:      layout_basic, mainiacjoe_overflow_swirl,
          minmay_a_box_with_orc_wizards_in_it
D:7:      layout_basic, demons_altar, kennysheep_mini_moat,
          minmay_temple_entry_fiery, serial_shops, shop_scrolls,
          nicolae_stop_n_shop_1, uniq_maggie, uniq_menkaure, uniq_duvessa
D:8:      layout_gridville, dancing_weapons_uskayaw,
          nicolae_overflow_hidden_temple, nicolae_overflow_crystal_walls,
          mainiacjoe_overflow_brackets, ebering_ghost_xom
D:9:      layout_basic, enter_bailey_4, uniq_amaemon, uniq_grum
D:10:     layout_gridville, st_stairs_14
D:11:     layout_stronghold, lair_entry_dummy, erik_orc_1
Temple:   jpeg_temple_clearing

Skill      XL: |  1  2  3  4  5  6  7  8  9 10 11 |
---------------+----------------------------------+-----
Axes           | 3 4 5 6 8 9 11 14 16 17 | 17.4
Fighting       | 4 5 6 7 8 10 12 13 | 13.2
Armour         | |  3.6
Shields        | |  3.6

Action                   |  1- 3 |  4- 6 |  7- 9 | 10-12 || total
-------------------------+-------+-------+-------+-------++-------
Melee: War axe           |    83 |   160 |    92 |       ||   335
       Headbutt          |    14 |    19 |    34 |    52 ||   119
       Broad axe         |       |       |    53 |   242 ||   295
Invok: Heroism           |       |       |       |     1 ||     1
Evoke: Wand              |       |       |       |     1 ||     1
  Use: Scroll            |     2 |     1 |    10 |    11 ||    24
       Potion            |       |     1 |     1 |     5 ||     7
Armor: Scale mail        |    28 |       |       |       ||    28
       Ring mail         |    12 |    65 |    38 |       ||   115
       Swamp dragon scal |       |       |     1 |    99 ||   100
Dodge: Dodged            |    43 |    78 |    50 |   154 ||   325
Block: Buckler           |    22 |    26 |    15 |    76 ||   139

Table legend: (Time is in decaauts)
 A = Elapsed time spent in this place.
 B = Non-inter-level travel time spent in this place.
 C = Inter-level travel time spent in this place.
 D = Time resting spent in this place.
 E = Time spent auto-exploring this place.
 F = Levels seen in this place.
 G = Mean time per level.
                   A        B        C        D        E       F      G
               +--------+--------+--------+--------+--------+-----+--------+
         Total |  13423 |  12732 |    691 |   2313 |   8429 |  14 |  958.8 |
       Dungeon |  11264 |  10593 |    671 |   1324 |   7813 |  11 | 1024.0 |
        Temple |    252 |    232 |     20 |      0 |    220 |   1 |  252.0 |
         Sewer |    549 |    549 |      0 |    130 |    196 |   1 |  549.0 |
        Bailey |   1356 |   1356 |      0 |    859 |    200 |   1 | 1356.0 |
               +--------+--------+--------+--------+--------+-----+--------+

Top non-repeatable levels by time:
     D:6: 1556 daAuts
  Bailey: 1356 daAuts
     D:4: 1350 daAuts
     D:5: 1242 daAuts
     D:9: 1167 daAuts
    D:10: 1075 daAuts
     D:7: 1039 daAuts
     D:8: 1000 daAuts
     D:3: 943 daAuts
     D:1: 927 daAuts
   Sewer: 549 daAuts
     D:2: 489 daAuts
    D:11: 472 daAuts
  Temple: 252 daAuts
